 Dungeon Crawl Stone Soup version 0.21.1-1-g345015f (webtiles) character file.

20 Iko the Sneak (level 2, 0/24 HPs)
             Began as a Demigod Assassin on June 9, 2018.
             Succumbed to an adder's poison
             ... on level 2 of the Dungeon.
             The game lasted 00:02:36 (212 turns).

Iko the Sneak (Demigod Assassin)                     Turns: 212, Time: 00:02:37

Health: 0/24       AC:  4    Str: 12 (14) XL:     2   Next: 42%
Magic:  4/4        EV: 12    Int: 13 (15) God:
Gold:   0          SH:  4    Dex: 14 (17) Spells: 1/1 levels left

rFire    x . .     SeeInvis .   i - +0 club
rCold    + . .     Gourm    .   (no shield)
rNeg     . . .     Faith    .   c - +0 robe
rPois    .         Spirit   .   (no helmet)
rElec    .         Reflect  .   d - +0 cloak
rCorr    .         Harm     .   (no gloves)
MR       .....                  (no boots)
Stlth    +++.......             (no amulet)
HPRegen  0.08/turn              k - ring of ice
MPRegen  0.09/turn              (no ring)

@: lethally poisoned (0 -> -5)
A: large bone plates 1, rugged brown scales 1, deterioration 1, high mp 1
a: no special abilities


You were on level 2 of the Dungeon.
You were not hungry.

You visited 1 branch of the dungeon, and saw 2 of its levels.

Inventory:

Hand Weapons
 b - a +0 blowgun
 i - a +0 club (weapon)
Armour
 c - a +0 robe (worn)
 d - a +0 cloak (worn)
Jewellery
 k - a ring of ice (left hand)
Scrolls
 j - a scroll of fear
Potions
 h - a potion of agility
Comestibles
 g - 2 rations


   Skills:
 + Level 2.0 Fighting
   Level 1.9 Short Blades
 + Level 2.0 Throwing
 + Level 1.1 Dodging
 + Level 4.0 Stealth


You had one spell level left.
You didn't know any spells.

Dungeon Overview and Level Annotations

Branches:
Dungeon (2/15)


Innate Abilities, Weirdness & Mutations

You have an increased reservoir of magic. (+10% MP)
You are partially covered in large bone plates. (SH +4)
You are partially covered in rugged brown scales. (AC +1, +3% HP)
Your body sometimes deteriorates upon taking damage.


Message History

You feel sick. You block the adder's attack. The adder misses you.
You miss the adder.
The adder is heavily wounded.
* * * LOW HITPOINT WARNING * * *
You feel sick. The adder bites you but does no damage.
You hit the adder but do no damage.
The adder is heavily wounded.
* * * LOW HITPOINT WARNING * * *
You feel sick. The adder closely misses you.
The adder bites you but does no damage.
You miss the adder.
The adder is heavily wounded.
* * * LOW HITPOINT WARNING * * *
You feel sick. The adder closely misses you. The adder barely misses you.
You hit the adder.
The adder is severely wounded.
The adder bites you but does no damage.
You miss the adder.
The adder is severely wounded.
You die...

.#..#....####.#########
...............
##......####.....
........# .......
#####.....#+##......
....#........#.##...
........†....#
.............#
.......@..#+##
.....).S.(....?
....(..........
.......(.......
..(.##...(..... ..$.
..#..###.. ..? .. ...
.. .. ... ....


You could see an adder.

Vanquished Creatures
  An adder (D:2)
  A ball python (D:1)
  A goblin (D:1)
  3 jackals (D:2)
  2 kobolds
  A bat (D:1)
  2 rats (D:2)
11 creatures vanquished.

Notes
Turn   | Place    | Note
-------+----------+-------------------------------------------
     0 | D:1      | Iko the Demigod Assassin began the quest for the Orb.
     0 | D:1      | Reached XP level 1. HP: 17/17 MP: 3/3
    74 | D:1      | Gained mutation: Your body sometimes deteriorates upon taking damage. [potion of mutation]
    74 | D:1      | Gained mutation: You are partially covered in large bone plates. (SH +4) [potion of mutation]
    74 | D:1      | Gained mutation: You are partially covered in rugged brown scales. (AC +1, +3% HP) [potion of mutation]
   129 | D:2      | Reached skill level 1 in Dodging
   138 | D:2      | Reached skill level 4 in Stealth
   138 | D:2      | Reached XP level 2. HP: 10/24 MP: 4/4
   169 | D:2      | Found a bloodstained altar of Trog.
   210 | D:2      | HP: 1/24 [poisoned by an adder]
   212 | D:2      | Succumbed to an adder's poison

Skill      XL: |  1  2 |
---------------+-------+-----
Dodging        | 1 |  1.1
Fighting       | 2 |  2.0
Stealth        | 4 |  4.0
Throwing       | 2 |  2.0
Short Blades   | |  1.9

Action                   || total
-------------------------++-------
Melee: Club              ||    15
       Dagger            ||     2
 Fire: Blowgun           ||    27
  Use: Potion            ||     3
       Scroll            ||     1
Armor: Robe              ||     9
Dodge: Dodged            ||     8
Block: Other             ||     2
